Workbook

Sheet заходи
A1: 2. МЕТА, ЗАВДАННЯ ТА ЗАХОДИ ЕКОНОМІЧНОГО І СОЦІАЛЬНОГО РОЗВИТКУ У 2024 РОЦІ
A3: № і назва завдання Стратегії розвитку Донецької області на період до 2027 року | B3: № з/п | C3: Зміст заходу | D3: Термін виконан- ня | E3: Виконавець | F3: Витрати на реалізацію, тис.грн | R3: Очікуваний результат | T3: Примітка виконання заходів, які не потребують фінансування
F4: Всього | H4: у тому числі за рахунок коштів:
H5: Держав- ного бюджету | J5: місцевих бюджетів | N5: підпри- ємств | P5: інших джерел | R5: найменування показника | S5: значення показника
J6: обласного бюджету | L6: районного бюджету, бюджету територіальної громади
F7: ПЛАН | G7: ФАКТ | H7: ПЛАН | I7: ФАКТ | J7: ПЛАН | K7: ФАКТ | L7: ПЛАН | M7: ФАКТ | N7: ПЛАН | O7: ФАКТ | P7: ПЛАН | Q7: ФАКТ
A8: 1 | B8: 2 | C8: 3 | D8: 4 | E8: 5 | F8: 6 | G8: 7 | H8: 8 | I8: 9 | J8: 10 | K8: 11 | L8: 12 | M8: 13 | N8: 14 | O8: 15 | P8: 16 | Q8: 17 | R8: 18 | S8: 19 | T8: 20
A9: Стратегічна ціль 1. Оновлена, конкурентоспроможна економіка
A10: 2.1. Агропромисловий комплекс
A11: Розвиток малого та середнього підприємництва, як драйверу структурних перетворень | B11: 1 | C11: Відзначення суб'єктів в сфері агропромислового виробництва з нагоди Дня працівників сільського господарства | D11: Протягом року | E11: Святогірська міська військова адміністрація | F11: 0 | H11: 0 | J11: 0 | L11: 0 | N11: 0 | P11: 0 | R11: кількість, суб’єктів | S11: 25 | T11: До департаменту АПК Донецької ОДА надано відомості про селянське (фермерське) господарство «Верес» як підприємство, яке досягло успіхів при вирощуванні та збиранні врожаю ранніх зернових та зернобобових культур у 2024 році - агронома господарства та двох механізаторів
B12: 2 | C12: Організція та проведення заходів із сприяння розвитку земельної реформи | D12: Протягом року | E12: Святогірська міська військова адміністрація | F12: 0 | H12: 0 | J12: 0 | L12: 0 | N12: 0 | P12: 0 | R12: Кількість заходів (од). Кількість поліграфічної продукції (од). | S12: 30
B13: 3 | C13: Стимулювання сільського населення до розвитку підприємницької діяльності шляхом проведення інформаційно-роз'яснювальної і консультативної роботи (друкована продукція, тренінги, індивідуальні послуги,семінари,конференції, наради) | D13: Протягом року | E13: Святогірська міська військова адміністрація | F13: 0 | H13: 0 | J13: 0 | L13: 0 | N13: 0 | P13: 0 | R13: Кількість заходів (од). Кількість слухачів (од). Кількість буклетів (шт). | S13: 5заходів/40 слухачів | T13: Розміщено на сайті міської ради інформацію щодо проведення кампанії та презентаційні матеріали вебінару «Про заходи з упередження отруєння бджіл засобами захисту рослин» також надано інформацію про надання державної допомоги для підтримки фермерських господарств та іншим виробників сільськогосподарської продукції. Виявлено 11 власників великої рогатої худоби (корів), які підпадають під дію цієї програми. Успішно подали таку заяву 10 власників корів. Отримали допомогу за програмою 9 домогосподарств на загальну суму 60000 грн..
C14: Всього | F14: =SUM(F11:F13) -> 0 | G14: =SUM(G11:G13) -> 0 | H14: =SUM(H11:H13) -> 0 | I14: =SUM(I11:I13) -> 0 | J14: =SUM(J11:J13) -> 0 | K14: =SUM(K11:K13) -> 0 | L14: =SUM(L11:L13) -> 0 | M14: =SUM(M11:M13) -> 0 | ... Q14: =SUM(Q11:Q13) -> 0
A15: 2.2 Розвиток земельних відносин
A16: Забезпечення просторового планування, містобудівної та інвестиційної діяльності в об’єднаних територіальних громадах | B16: 1 | C16: Інвентаризація земель комунальної власності Святогірської міської територіальної громади Краматорського району Донецької області | D16: Протягом року | E16: Святогірська міська рада | F16: 164 | G16: 160 | H16: 0 | J16: 0 | L16: 164 | M16: 160 | N16: 0 | P16: 0 | R16: Площа (га) | S16: 14,0 га | T16: Укладено договір з ПП «Терра-Віта» щодо виконання робіт з інвентаризації земельних ділянок комунальної власності Святогірської міської ради під кладовищами та під баштами Рожновського, Роботи виконані на 90%, але на кінець року акти з виконання робіт не підписані, кошти виконавцю робіт не перераховувались.
C17: Всього | F17: =SUM(F16:F16) -> 164 | G17: =SUM(G16:G16) -> 160 | H17: =SUM(H16:H16) -> 0 | I17: =SUM(I16:I16) -> 0 | J17: =SUM(J16:J16) -> 0 | K17: =SUM(K16:K16) -> 0 | L17: =SUM(L16:L16) -> 164 | M17: =SUM(M16:M16) -> 160 | ... Q17: =SUM(Q16:Q16) -> 0
A18: 2.3. Інвестиційна діяльність та розвиток інфраструктури, благоустрій
A19: Підтримка галузей з економічним та інноваційним потенціалом для розвитку | B19: 1 | C19: Моніторинг пропозицій та конкурсів програм та проєктів, спрямованих на місцевий економічний розвиток, сприяння участі у конкурсах інвестиційних проєктів | D19: Протягом року | E19: Святогірська міська рада | F19: 0 | H19: 0 | J19: 0 | L19: 0 | N19: 0 | P19: 0 | R19: Подано заявок для участі у конкурсах, од. | S19: 15
B20: 2 | C20: Інформаційно-консультаційна підтримка суб'єктів господарюваня, громадських організацій | D20: Протягом року | E20: Святогірська міська рада | F20: 0 | H20: 0 | J20: 0 | L20: 0 | N20: 0 | P20: 0 | R20: Публікації, статті, індивідуальні консультації, од. | S20: 50
A21: Формування позитивного іміджу регіону | B21: 3 | C21: Спрощення доступу для потенційних інвесторів до інформації про інвестиційні можливості громади шляхом оновлення та розповсюдження Інвестиційного паспорту міста, Каталогу інвестиційних пропозицій | D21: Протягом року | E21: Святогірська міська рада | F21: 0 | H21: 0 | J21: 0 | L21: 0 | N21: 0 | P21: 0 | R21: Розміщено на міських, обласних, державних он-лайн платформах, од. | S21: 10
A22: Розвиток та ефективне використання науково-інноваційного потенціалу | B22: 4 | C22: Участь у навчальних Заходах (навчальні поїздки, тренінги) та Заходах з обміну досвідом (співпраця з іншими громадами, громадськістю) працівників виконавчих органів ради, громадських організацій, представників бізнесу з метою впровадження ефективних економічних стратегій та підвищення інвестиційного іміджу громади | D22: Протягом року | E22: Святогірської міської ради, представники комунальних підприємств міста, представники підприємств експортерів, малого та середнього бізнесу | F22: 0 | H22: 0 | J22: 0 | L22: 0 | N22: 0 | P22: 0 | R22: Участь у тренінгах, засіданнях, конференціях, од. | S22: 30
B23: 5 | C23: Забезпечення зберігання документів соціально правового порядку, що належить до КП Краматорської районної ради "Трудовий архів" | D23: Протягом року | E23: Святогірська міська рада | F23: 69.1 | G23: 69.1 | H23: 0 | J23: 0 | L23: 69.1 | M23: 69.1 | N23: 0 | P23: 0 | R23: Забезпечення зберіганню архівних документів | S23: 1008 справ
B24: 6 | C24: Фінансове забезпечення виконання Постанов КМУ від 25 квітня 2023 року №391 "Деякі питання оплати праці працівників державних органів та органів місцевого самоврядування під час воєнного стану" та від 09 листопада 2016 р. №787 "Про видатки на оплату праці працівників місцевих державних адміністрацій" (зі змінами) Краматорської районної державної адміністрації, районної військової адміністрації на 2024 рік | D24: Протягом року | E24: Святогірська міська рада | F24: 200 | G24: 200 | H24: 0 | J24: 0 | L24: 200 | M24: 200 | N24: 0 | P24: 0
B25: 7 | C25: Судові витрати | D25: Протягом року | E25: Святогірська міська рада | F25: 7.4 | G25: 4.495 | H25: 0 | J25: 0 | L25: 7.4 | M25: 4.495 | N25: 0 | P25: 0
B26: 8 | C26: Підтримка функціонування дитячого будинку сімейного типу Сербіних в частині забезпечення відповідно до законодавства автомобільним транспортом, шляхом передачі у безоплатне користування за договором, який укладається між батьками-вихователями та Святогірською міською радою Краматорського району Донецької області на період діяльності дитячого будинку сімейного типу, тому числі: | D26: Протягом року | E26: Святогірської міської ради | F26: 2000 | G26: 2000 | J26: 2000 | K26: 2000 | R26: кількість автотранспортних засобів | S26: 1
C27: забезпечення реєстрації транспортного засобу з видачою свідоцтва про реєстрацію та номерних знаків, в тому числі сплата збору на обов’язкове державне пенсійне страхування при першій державній реєстрації легкових транспортних засобів | D27: Протягом року | E27: Святогірської міської ради | F27: 101.186 | G27: 84.323 | J27: 101.186 | K27: 84.323 | R27: збір на обов’язкове державне пенсійне страхування | S27: 5 відсотків
C28: Всього | F28: =SUM(F19:F27) -> 2377.686 | G28: =SUM(G19:G27) -> 2357.918 | H28: =SUM(H19:H27) -> 0 | I28: =SUM(I19:I27) -> 0 | J28: =SUM(J19:J27) -> 2101.186 | K28: =SUM(K19:K27) -> 2084.323 | L28: =SUM(L19:L27) -> 276.5 | M28: =SUM(M19:M27) -> 273.595 | ... Q28: =SUM(Q19:Q27) -> 0
A29: 2.4. Розвиток інформаційного простору. Забезпечення доступу до неупереджених джерел інформації
A30: Впровадження інформаційних технологій у сфері надання послуг населенню | B30: 1 | C30: Висвітлення напрямків роботи Святогірської військової адміністрації та органів місцевого самоврядування через соціальні мережі Інтернет та засоби масової інформації | D30: Протягом року | E30: Сектор інформаційної діяльності, комунікацій з громадськістю та з питань реінтеграції тимчасово неконтрольованих територій | F30: 0 | H30: 0 | J30: 0 | L30: 0 | N30: 0 | P30: 0 | R30: Обізнаність та проінформованість громадян міста щодо діяльності Святогірської міської ради, осіб | S30: Близько 15000 | T30: Систематично висвітлюється напрямки роботи Святогірської МВА на офіційнй сторінці у мережі Фейсбук, охоплено 66.8 тис читачів
A31: Інші завдання: Забезпечення обізнаності населення щодо переваг євроінтеграції | B31: 2 | C31: Проведення брифінгів, круглих столів, інформаційних заходів з актуальних й поточних питань | D31: Протягом року | E31: Сектор інформаційної діяльності, комунікацій з громадськістю та з питань реінтеграції тимчасово неконтрольованих територій | F31: 0 | H31: 0 | J31: 0 | L31: 0 | N31: 0 | P31: 0 | R31: Інформаційні заходи, од. | S31: 2
B32: 3 | C32: Виготовлення відеороликів для розміщення в соціальних мережах інтернет, інформаційне наповнення сторінок СМВА у соціальних мережах щодо воєнної, соціальної-політичної, соціально-економічної, культурної ситуації у громаді, області та державі в цілому | D32: Протягом року | E32: Сектор інформаційної діяльності, комунікацій з громадськістю та з питань реінтеграції тимчасово неконтрольованих територій | F32: 0 | H32: 0 | J32: 0 | L32: 0 | N32: 0 | P32: 0 | R32: Кількість виготовлених відеороліків, од. | S32: 90 | T32: Систематично проводиться інформаційне наповнення сторінок СМВА у соціальних мережах щодо воєнної, соціальної-політичної, соціально-економічної, культурної ситуації у громаді, області та державі в цілому
B33: 4 | C33: Співпраця із засобами масової інформації різних форм власності, забезпечення комунікативної політики СМВА та громадськості | D33: Протягом року | E33: Сектор інформаційної діяльності, комунікацій з громадськістю та з питань реінтеграції тимчасово неконтрольованих територій | F33: 0 | H33: 0 | J33: 0 | L33: 0 | N33: 0 | P33: 0 | R33: Кількість заходів | T33: Співпраця із засобами масової інформації різних форм власності, забезпечення комунікативної політики СМВА та громадськості відбувається постійно
B34: 5 | C34: Забезпечення комунікації з населенням громади через засоби масової інформації та мережу Інтернет | D34: Протягом року | E34: Сектор інформаційної діяльності, комунікацій з громадськістю та з питань реінтеграції тимчасово неконтрольованих територій | F34: 0 | H34: 0 | J34: 0 | L34: 0 | N34: 0 | P34: 0 | R34: Кількість заходів | S34: 1 | T34: Комунікації з населенням громади відбувається через мережу Інтернет: вайбер, ватсап, телеграм
B35: 6 | C35: Створення та супроводження нового офіційного сайту Святогірської міської ради | D35: Протягом року | E35: Святогірська міська рада | F35: 18 | G35: 18 | H35: 0 | J35: 0 | L35: 18 | M35: 18 | N35: 0 | P35: 0 | R35: Створено новий офіційний сайт Святогірської міської ради, од. | S35: 1
C36: Всього | F36: =SUM(F30:F35) -> 18 | G36: =SUM(G30:G35) -> 18 | H36: =SUM(H30:H35) -> 0 | I36: =SUM(I30:I35) -> 0 | J36: =SUM(J30:J35) -> 0 | K36: =SUM(K30:K35) -> 0 | L36: =SUM(L30:L35) -> 18 | M36: =SUM(M30:M35) -> 18 | ... Q36: =SUM(Q30:Q35) -> 0
A37: 2.5. Ринок праці. Зайнятість населення
A38: Зменшення диспропорцій між попитом та пропозицією робочої сили | B38: 1 | C38: Сприяння повній і продуктивній зайнятості та гідній праці для всіх жінок і чоловіків, осіб з інвалідністю | D38: Протягом року | E38: Міський центр зайнятості | F38: =SUM(H38:P38) -> 0 | H38: 0 | J38: 0 | L38: 0 | N38: 0 | P38: 0 | R38: Працевлаштування за сприянням служби зайнятості | S38: 145 | T38: трудоустроино 32 особи, із них 17 безробітних
B39: 2 | C39: Здійснення компенсації роботодавцю єдиного внеску за працевлаштованих безробітних на нові робочі місця* | D39: Протягом року | E39: Міський центр зайнятості | F39: =SUM(H39:P39) -> 0 | H39: 0 | J39: 0 | L39: 0 | N39: 0 | P39: 0 | R39: Працевлаштовано з компенсацією роботодавцю єдиного внеску | S39: 1
B40: 3 | C40: Стимулювання розвитку ініціатив мікробізнесу та самозайнятості безробітних шляхом надання одноразової виплати допомоги по безробіттю* | D40: Протягом року | E40: Міський центр зайнятості | F40: =SUM(H40:P40) -> 0 | H40: 0 | J40: 0 | L40: 0 | N40: 0 | P40: 0 | R40: Кількість безробітних, які отримали одноразову виплату допомоги по безробіттю для зайняття підприємницькою діяльністю | S40: 0
B41: 4 | C41: Діяльність Консалтингового простору "Перспектива" у центрі зайнятості. Системна інформаційно-консультаційна робота з активізації та підтримки підприємницької ініціативи шляхом проведення тренінгів, семінарів, круглих столів та інших тематичних заходів щодо можливості організації та розширення власної справи | D41: Протягом року | E41: Міський центр зайнятості | F41: =SUM(H41:P41) -> 0 | H41: 0 | J41: 0 | L41: 0 | N41: 0 | P41: 0 | R41: Засідання Консалтингового простору "Перспектива", проведення тренінгів, семінарів, круглих столів та інших тематичних заходів щодо можливості організації та розширення власної справи | S41: 50 | T41: проведено 4 заходи, із них 1 виїздний дє було провдена консультація з представники Ощадбанком, ГУ ПФУ в Донецькій області, ДПС в Донецькій області, БФ "Право на захист",
B42: 5 | C42: Залучення незайнятих громадян до участі в громадських роботах та інших роботах тимчасового характеру* | D42: Протягом року | E42: Міський центр зайнятості, місцеві бюджети, роботодавці | F42: =SUM(H42:P42) -> 0 | H42: 0 | J42: 0 | L42: 0 | N42: 0 | P42: 0 | R42: Тимчасова зайнятість безробітних осіб з числа тих, які будуть перебувати на обліку в міському центрі зайнятості | S42: 8
B43: 6 | C43: Сприяння конкурентоспроможності осіб на ринку праці шляхом надання комплексу профорієнтаційних послуг з використанням інноваційних форм роботи | D43: Протягом року | E43: Міський центр зайнятості | F43: =SUM(H43:P43) -> 0 | H43: 0 | J43: 0 | L43: 0 | N43: 0 | P43: 0 | R43: Охоплено профорієнтаційними послугами | S43: 145 | T43: Охоплено профорієнтаційними послугами - 114 особам
B44: 7 | C44: Здійснення професійної підготовки та покращення професійних навичок безробітних жінок та чоловіків (зокрема, з числа внутрішньо переміщених осіб) | D44: Протягом року | E44: Міський центр зайнятості | F44: =SUM(H44:P44) -> 0 | H44: 0 | J44: 0 | L44: 0 | N44: 0 | P44: 0 | R44: Охоплено профнавчанням/ в т.ч. безробітних з категорії ВПО | S44: 14 | T44: проводилось профнавчання - 12 безробітним особам та після чого були працевлаштовані.
B45: 8 | C45: Сприяння розвитку ефективної системи перекваліфікації та навчання протягом життя, особливо серед людей старше 45 років* | D45: Протягом року | E45: Міський центр зайнятості, ДНЗ "Донецький ЦПТО ДСЗ", учбові заклади, підприємства | F45: =SUM(H45:P45) -> 0 | H45: 0 | J45: 0 | L45: 0 | N45: 0 | P45: 0 | R45: Надано ваучери населенню | S45: 2 | T45: отримано двома особами ваучери на суму 16 тис. 321 грн.
B46: 9 | C46: Сприяння реалізації пункту 5 статі 35 Закону України "Про зайнятість населення" щодо підтвердження професійної кваліфікації за результатами неформального професійного навчання за робітничими професіями | D46: Протягом року | E46: Міський центр зайнятості, учбові заклади | F46: =SUM(H46:P46) -> 0 | H46: 0 | J46: 0 | L46: 0 | N46: 0 | P46: 0 | R46: Підтвердили прфесійну кваліфікації за результатаим неформального професійного навчання за робітничими професіями | S46: 0
B47: 10 | C47: Здійснення компенсації роботодавцям витрат на оплату праці за працевлаштованих безробітних з числа ВПО на умовах строкових трудових договорів* | D47: Протягом року | E47: Міський центр зайнятості, учбові заклади | F47: =SUM(H47:P47) -> 0 | H47: 0 | J47: 0 | L47: 0 | N47: 0 | P47: 0 | R47: Працевлаштова- но на умовах строкових трудових договорів з компенсацію витрат роботодавця на оплату праці таких осіб | S47: 1
B48: 11 | C48: Здійснення компенсації витрат роботодавця, який працевлаштовує за направленням центру зайнятості зареєстрованого безробітного з числа ВПО строком не менш як на дванадцять календарних місяців на навчання* | D48: Протягом року | E48: Міський центр зайнятості | F48: =SUM(H48:P48) -> 0 | H48: 0 | J48: 0 | L48: 0 | N48: 0 | P48: 0 | R48: Працевлаштування безробітних громадян з числа ВПО з компенсацією витрат роботодавця на навчання | S48: 0
B49: 12 | C49: Здійснення компенсації у разі працевлаштування зареєстрованого безробітного з числа ВПО до роботодавця, розташованого не за місцем реєстрації безробітного в центрі зайнятості та не за місцем реєстрації його проживання чи перебування, такій особі за рахунок коштів Фонду одноразово фактичні транспортні витрати на переїзд до іншої адміністративно-територіальної одиниці місця працевлаштування* | D49: Протягом року | E49: Міський центр зайнятості | F49: =SUM(H49:P49) -> 0 | H49: 0 | J49: 0 | L49: 0 | N49: 0 | P49: 0 | R49: Зареєстровані безробітні з числа ВПО, яким здійснюється компенсація при працевлаштуванні до роботодавця, розташованого не за місцем реєстрації безробітного в центрі зайнятості та не за місцем реєстрації його проживання чи перебування | S49: 0
B50: 13 | C50: Надання компенсації витрат зареєстрованим безробітним з числа ВПО для проходження попереднього медичного та наркологічного огляду відповідно до законодавства, якщо це необхідно для працевлаштування* | D50: Протягом року | E50: Міський центр зайнятості | F50: =SUM(H50:P50) -> 0 | H50: 0 | J50: 0 | L50: 0 | N50: 0 | P50: 0 | R50: Надано компенсацію витрат для проходження попереднього медичного та наркологічного огляду | S50: 0
C51: Всього | F51: 0 | G51: 0 | H51: 0 | I51: 0 | J51: 0 | K51: 0 | L51: 0 | M51: 0 | N51: 0 | O51: 0 | P51: 0 | Q51: 0
A52: * в межах фінансування Фонду ЗДССУВБ згідно Постанови від 18 квітня 2023 р. № 338 "Деякі питання надання роботодавцям компенсації єдиного внеску на загальнообов’язкове державне соціальне страхування за працевлаштування на нові робочі місця"
A53: Стратегічна ціль 2. Якість життя та людський розвиток
A54: 2.6. Освіта
A55: Підвищення якості та доступності дошкільної та базової середньої освіти | B55: 1 | C55: Виготовлення копій інвентаризаційних справ, технічних паспортів тощо | D55: Протягом року | E55: Відділ освіти, медицини, молоді, культури, спорту та туризму Святогірської міської ради | F55: 275 | G55: 8 | H55: 0 | J55: 0 | L55: 275 | M55: 8 | N55: 0 | P55: 0 | R55: Інвентарні справи закладів освіти | S55: 11 закладів освіти
B56: 2 | C56: Проведення експертної оцінки пошкоджень закладів освіти | D56: Протягом року | E56: Відділ освіти, медицини, молоді, культури, спорту та туризму Святогірської міської ради | F56: 330 | H56: 0 | J56: 0 | L56: 330 | N56: 0 | P56: 0 | R56: Проведення експертної оцінки закладів освіти | S56: 11 закладів освтіи
B57: 3 | C57: Придбання, зберігання, доставка підручників, посібників | D57: Протягом року | E57: Відділ освіти, медицини, молоді, культури, спорту та туризму Святогірської міської ради | F57: 25 | G57: 5.772 | H57: 0 | J57: 0 | L57: 25 | M57: 5.772 | N57: 0 | P57: 0 | R57: Придбання та доставка підручників для закладів освіти | S57: 5 ЗЗСО
B58: 4 | C58: Забезпечення закладів освіти необхідною кількістю паливних ресурсів | D58: Протягом року | E58: Відділ освіти, медицини, молоді, культури, спорту та туризму Святогірської міської ради | F58: 500 | H58: 0 | J58: 0 | L58: 500 | N58: 0 | P58: 0 | R58: Забезпечення вугіллям, дровами, пелетами | S58: 1 ЗЗСО
B59: 5 | C59: Забезпечення інклюзивного навчання осіб з особливими освітніми потребами в закладах освіти | D59: Протягом року | E59: Відділ освіти, медицини, молоді, культури, спорту та туризму Святогірської міської ради | F59: 0 | H59: 0 | J59: 0 | L59: 0 | N59: 0 | P59: 0 | R59: Забезпечення інклюзивного навчання осіб з особливими освітніми потребами в закладах освіти | S59: 4 особи з особливими освітніми потребами, 4 інклюзивних класи, 1 ЗЗСО
B60: 6 | C60: Підвезення дітей, які потребують соціальної реабілітації до переміщеного "Санаторно-оздоровчого центру соціальної реабілітації "Смарагдове місто" ( Хмельницька обл. Кам’янець-Подільський район с. Оринин ) | D60: Протягом року | E60: Відділ освіти, медицини, молоді, культури, спорту та туризму Святогірської міської ради | F60: 60 | G60: 35.711 | H60: 0 | J60: 0 | L60: 60 | M60: 35.711 | N60: 0 | P60: 0 | R60: Оздоровлення 50 учнів ЗЗСО | S60: 5 ЗЗСО
B61: 7 | C61: Матеріальне заохочення педагогічних працівників | D61: Протягом року | E61: Відділ освіти, медицини, молоді, культури, спорту та туризму Святогірської міської ради | F61: 700 | G61: 626.494 | H61: 0 | J61: 0 | L61: 700 | M61: 626.494 | N61: 0 | P61: 0 | R61: Надання матеріальної допомоги педпрацівникам | S61: 5 ЗЗСО
B62: 8 | C62: Проходження педагогічними працівниками медоглядів | D62: Протягом року | E62: Відділ освіти, медицини, молоді, культури, спорту та туризму Святогірської міської ради | F62: 60 | H62: 0 | J62: 0 | L62: 60 | N62: 0 | P62: 0 | R62: Проходження медогляду працівниками закладів освіти | S62: 11 закладів освіти
B63: 9 | C63: Забезпечення підвищення кваліфікації педагогічних працівників | D63: Протягом року | E63: Відділ освіти, медицини, молоді, культури, спорту та туризму Святогірської міської ради | F63: 25 | G63: 13.7 | H63: 0 | J63: 0 | L63: 25 | M63: 13.7 | N63: 0 | P63: 0 | R63: Підвищення кваліфікації 26 курсів для 23 педагогів педпрацівникам | S63: 5 ЗЗСО
B64: 10 | C64: Планування коштів на 2024 рік на оплату послуг з обслуговування і надання пакетів оновлень програмного продукту “КУРС: Школа” | D64: Протягом року | E64: Відділ освіти, медицини, молоді, культури, спорту та туризму Святогірської міської ради | F64: 8 | H64: 0 | J64: 0 | L64: 8 | N64: 0 | P64: 0 | R64: Оплата відповідних послуг з обслуговування та надання пакетів оновлень програмного забезпечення. | S64: 5 ЗЗСО
A65: Створення умов для самореалізації дітей та молодих дівчат і хлопців | B65: 11 | C65: Організація та проведення І етапу та участь у ІІ етапі Всеукраїнської дитячо-юнацької військово-патріотичної гри "Сокіл" ("Джура") | D65: Протягом року | E65: Відділ освіти, медицини, молоді, культури, спорту та туризму Святогірської міської ради | F65: 10 | H65: 0 | J65: 0 | L65: 10 | N65: 0 | P65: 0 | R65: Проведення І етапу та участь у ІІ етапі Всеукраїнської дитячо-юнацької військово-патріотичної гри "Сокіл" ("Джура") | S65: 5 ЗЗСО
B66: 12 | C66: Стимулювання обдарованої молоді | D66: Протягом року | E66: Відділ освіти, медицини, молоді, культури, спорту та туризму Святогірської міської ради | F66: 10 | H66: 0 | J66: 0 | L66: 10 | N66: 0 | P66: 0 | R66: Проведення 5 заходів із залученням 350 учнів | S66: 5 ЗЗСО
B67: 13 | C67: Проведення заходів з національно-патріотичного виховання дітей та молоді | D67: Протягом року | E67: Відділ освіти, медицини, молоді, культури, спорту та туризму Святогірської міської ради | F67: 45 | H67: 0 | J67: 0 | L67: 45 | N67: 0 | P67: 0 | R67: Надання стипендій обдарованим дітям | S67: 5 ЗЗСО
A68: «Захист населення і території від надзвичайних ситуацій» | B68: 14 | C68: Виконання робіт з забезпечення пожежної та техногенної безпеки у комунальному закладі «Хрестищенський заклад загальної середньої освіти І – ІІІ ступенів Святогірської міської ради Краматорського району Донецької області» | D68: Протягом року | E68: Відділ освіти, медицини, молоді, культури, спорту та туризму Святогірської міської ради | F68: 100 | G68: 50.037 | H68: 0 | J68: 0 | L68: 100 | M68: 50.037 | N68: 0 | P68: 0 | R68: Придбання засобів протипожежної безпеки, відновлення протипожежної сигналізації тощо | S68: 1 ЗЗСО
B69: 15 | C69: Придбання модульного укриття ШСС заглиблене на 30 осіб ( 2 входу) – 2 класу захисту для Комунальний заклад Маяківський ЗДО (ясла-садок) «Веселка» | D69: Протягом року | E69: Відділ освіти, медицини, молоді, культури, спорту та туризму Святогірської міської ради | F69: 1300 | H69: 0 | J69: 0 | L69: 1300 | N69: 0 | P69: 0 | R69: Кількість | S69: 1
B70: 16 | C70: Придбання модульного укриття ШСС заглиблене на 30 осіб ( 2 входу) – 2 класу захисту для Комунальний заклад Хрестищенський ЗДО (дитячий садок) «Берізка» | D70: Протягом року | E70: Відділ освіти, медицини, молоді, культури, спорту та туризму Святогірської міської ради | F70: 1300 | H70: 0 | J70: 0 | L70: 1300 | N70: 0 | P70: 0 | R70: Кількість | S70: 1
B71: 17 | C71: Придбання модульного укриття ШСС заглиблене на 30 осіб ( 2 входу) – 2 класу захисту для Комунальний заклад Микільський ЗДО (дитячий садок) «Золота рибка» | D71: Протягом року | E71: Відділ освіти, медицини, молоді, культури, спорту та туризму Святогірської міської ради | F71: 1300 | H71: 0 | J71: 0 | L71: 1300 | N71: 0 | P71: 0 | R71: Кількість | S71: 1
B72: 18 | C72: Придбання модульного укриття ШСС заглиблене на 100 осіб ( 2 входу) – 2 класу захисту для Комунального закладу «Святогірський заклад загальної середньої освіти І – ІІІ ступенів Святогірської міської ради Краматорського району Донецької області" | D72: Протягом року | E72: Відділ освіти, медицини, молоді, культури, спорту та туризму Святогірської міської ради | F72: 3200 | H72: 0 | J72: 0 | L72: 3200 | N72: 0 | P72: 0 | R72: Кількість | S72: 1
B73: 19 | C73: Розробка проєктно кошторисної документації за проєктом "Капітальний ремонт (відновлення внаслідок влучення боєприпасів під час збройної агресії рф) будівлі комунального закладу «Хрестищенський заклад загальної середньої освіти І-ІІІ ступенів Святогірської міської ради Краматорського району Донецької області» | D73: Протягом року | E73: Відділ освіти, медицини, молоді, культури, спорту та туризму Святогірської міської ради | F73: 370.451 | G73: 370.45 | H73: 277.838 | I73: 277.837 | J73: 0 | L73: 92.613 | M73: 92.613 | N73: 0 | P73: 0 | R73: Загальна площа закладу 2492 (кв.м) | S73: 1 ЗЗСО
B74: 20 | C74: Проєктно-кошторисна документація на облаштування захисних споруд цивільного захисту працівників та дітей у комунальному закладі «Святогірський заклад загальної середньої освіти І – ІІІ ступенів Святогірської міської ради Краматорського району Донецької області" | D74: Протягом року | E74: Відділ освіти, медицини, молоді, культури, спорту та туризму Святогірської міської ради | F74: 500 | H74: 0 | J74: 0 | L74: 500 | N74: 0 | P74: 0 | R74: захисна споруда цивільного захисту | S74: 1 ЗЗСО
B75: 21 | C75: «Капітальний ремонт (відновлення внаслідок влучання боєприпасів під час збройної агресії рф) будівлі комунального закладу Святогірський заклад загальної середньої освіти I - III ступенів Святогірської міської ради Краматорського району Донецької області, за адресою Донецька обл., м. Святогірськ, вул. Шкільна, 57» Коригування - 1 черга | D75: Протягом року | E75: Відділ освіти, медицини, молоді, культури, спорту та туризму Святогірської міської ради | F75: 99.4 | G75: 99.4 | H75: 0 | J75: 0 | L75: 99.4 | M75: 99.4
B76: 22 | C76: Здійснення заходів із соціального захисту дітей-сиріт, дітей, позбавлених батьківського піклування, та дітей із багатодітних сімей шляхом надання їм матеріальної допомоги у вигляді комп'ютерного обладнання з метою задоволення потреби у пристроях для дистанційного навчання | D76: Протягом року | E76: Святогірська міська рада | F76: 540 | H76: 0 | J76: 540 | L76: 0 | N76: 0 | P76: 0 | R76: придбання комп'ютерної техніки | S76: 27 одиниць
C77: Всього | F77: =SUM(F55:F76) -> 10757.851 | G77: =SUM(G55:G76) -> 1209.564 | H77: =SUM(H55:H76) -> 277.838 | I77: =SUM(I55:I76) -> 277.837 | J77: =SUM(J55:J76) -> 540 | K77: =SUM(K55:K76) -> 0 | L77: =SUM(L55:L76) -> 9940.013 | M77: =SUM(M55:M76) -> 931.727 | ... Q77: =SUM(Q55:Q76) -> 0
A78: 2.7. Підтримка сім'ї, дітей та молоді
A79: Інші завдання: Сімейна політика | B79: 1 | C79: Проведення заходів до сімейних свят (День Матері, День Батька, День Сім’ї, День захисту дітей, заходи для молоді та дітей з особливими потребами) | D79: Протягом року | E79: Відділ освіти, медицини, молоді, культури, спорту та туризму Святогірської міської ради | F79: 2 | H79: 0 | J79: 0 | L79: 2 | N79: 0 | P79: 0 | R79: Кількість учасників | S79: 500 | T79: Проведено 42 онлайн західи, залучено 1600 особи присвячених до сімейних свят.
B80: 2 | C80: Підтримка багатодітних, малозабезпечених сімей та сімей, які опинились у складних життєвих обставинах | D80: Протягом року | E80: Відділ освіти, медицини, молоді, культури, спорту та туризму Святогірської міської ради | F80: 15 | H80: 0 | J80: 0 | L80: 10 | N80: 0 | P80: 5 | R80: Кількість учасників | S80: 20
B81: 3 | C81: Проведення заходів з нагоди Дня Святого Миколая, Новорічних та Різдвяних свят для дітей із сімей соціально вразливих категорій та обдарованих дітей | D81: Протягом року | E81: Відділ освіти, медицини, молоді, культури, спорту та туризму Святогірської міської ради | F81: 5 | H81: 0 | J81: 0 | L81: 5 | N81: 0 | P81: 0 | R81: Кількість заходів | S81: 10 | T81: Проведено 10 онлайн заходів 480 (квести,майстер класи, творчі конкурси, вікторини) офлайн 1 захід спілно з ГО "Авеліст" офлайн 20 осіб
B82: 4 | C82: Організація заходів та майстер-класів, спрямованих на збереження культурних сімейних традицій і ціностей | D82: Протягом року | E82: Відділ освіти, медицини, молоді, культури, спорту та туризму Святогірської міської ради | F82: 10 | H82: 0 | J82: 0 | L82: 10 | N82: 0 | P82: 0 | R82: Кількість заходів | S82: 10 | T82: Проведено - 110 майстер-класів та 9 відеороликів присвячено батькам також виготовлення тематичних, вітальних листівок, оберегів тощо.Участь прийняли 580 осіб
A83: Інші завдання: Запобігання та протидія домашньому насильству | B83: 5 | C83: Підвищення рівня проінформованості населення про форми, прояви, причини і наслідки домашнього насильства розуміння природи домашнього насильства | D83: Протягом року | E83: Відділ освіти, медицини, молоді, культури, спорту та туризму Святогірської міської ради | F83: =SUM(H83+J83+L83+N83+P83) -> 1 | H83: 0 | J83: 0 | L83: 1 | N83: 0 | P83: 0 | R83: Кількість учасників | S83: 50 | T83: Звітній період були розміщені в пунктах видачі гуманітарної допомоги, в ОКП, на інформаційних дошках друковані матеріали ,щодо домашнього насильства. Всього розміщено 50 матеріалів
B84: 6 | C84: Проведення інформаційно-просвітницьких заходів з питань запобігання та протидії домашньому насильству та насильства за ознакою статі, зокрема проведення заходів присвячених Міжнародній акції «16 днів проти насильства» | D84: Протягом року | E84: Відділ освіти, медицини, молоді, культури, спорту та туризму Святогірської міської ради | F84: 0 | H84: 0 | J84: 0 | L84: 0 | N84: 0 | P84: 0 | R84: Кількість заходів | S84: 5 | T84: Проведено засідання круглого столу разом з БФ « Слов’янське серце» « Ні домашньому насильству!», Проведено тренінг з батьками «Сексуальна освіта: знай себе та буть захищений (на).Проведено 2 заходи.
A85: Інші завдання: Запобігання та протидія насильству за ознакою статі | B85: 7 | C85: Організація роботи з розповсюдження інформації про права, заходи та соціальні послуги, які надають субєкти, що здійснюють заходи у сфері запобігання та пртидії насильству за ознакою статі , категорії осіб, які можуть ними скористатися та порядок отримання таких послуг | D85: Протягом року | E85: Відділ освіти, медицини, молоді, культури, спорту та туризму Святогірської міської ради | F85: 0 | H85: 0 | J85: 0 | L85: 0 | N85: 0 | P85: 0 | R85: Кількість інформаційних буклетів | S85: 3 | T85: Розповсюджено 150 інформаційних буклетів.
B86: 8 | C86: Організація роботи з оприлюднення даних про субєктів, що здійснюють заходи у сфері запобігання та протидії насильству за ознакою статі на рівні громади та забезпечення доступності інформації про їх функції та обов'язки у сфері протидії насильству | D86: Протягом року | E86: Відділ освіти, медицини, молоді, культури, спорту та туризму Святогірської міської ради | F86: 0 | H86: 0 | J86: 0 | L86: 0 | N86: 0 | P86: 0 | R86: Оприлюднення | S86: 3 | T86: Були розроблені алгоритми дій структурних підрозділів для перенаправлення постраждалих осіб ,всього 8 алгоритмів
A87: Інші питання: План діій з виконання резолюції Ради Безпеки ООН 1325 "Жінки, мир, безпека" на період до 2025 року в Донецькій області | B87: 9 | C87: Сприяння навчанню відповідальних посадових осіб міської ради щодо питань реалізації резолюції Ради Безпеки ООН 1325 «Жінки, мир, безпека» | D87: Протягом року | E87: Відділ освіти, медицини, молоді, культури, спорту та туризму Святогірської міської ради | F87: =H87+J87+L87+N87+P87 -> 10 | H87: 0 | J87: 0 | L87: 10 | N87: 0 | P87: 0 | R87: Проведення навчання | S87: 5 | T87: за звітній період представники відділу були залучені до навчань, розробки місцевого плану дій "Жінки, мир, безпека", провели аудит потреби громади, залучалися до обговорення Регіонального плану дій Резолюції 1325, всього проведено 5 засідань, прийняло участь 45 осіб .
B88: 10 | C88: Організація інформаційно-просвітницьких заходів на території громади з метою підвищення рівня інформованості населення щодо гендерної рівності, запобігання насильству в сім’ї та протидії гендерному насильству | D88: Протягом року | E88: Відділ освіти, медицини, молоді, культури, спорту та туризму Святогірської міської ради | F88: 1 | H88: 0 | J88: 0 | L88: 1 | N88: 0 | P88: 0 | R88: Кількість заходів | S88: 5 | T88: За звітній період розміщена 25 інформацій на соціальних сторінках закладів освіти, в соцмережах.
A89: Інші питання: Заберпечення рівних прав та можливостей жінок і чоловіків | B89: 11 | C89: Надання підтримки молодіжним громадським організаціям у реалізації їх проектів з урахуванням принципу забезпечення рівних прав та можливостей жінок та чоловіків | D89: Протягом року | E89: Відділ освіти, медицини, молоді, культури, спорту та туризму Святогірської міської ради | F89: =SUM(H89+J89+L89+N89+P89) -> 0 | H89: 0 | J89: 0 | L89: 0 | N89: 0 | P89: 0 | R89: Кількість заходів | S89: 5 | T89: за звітній період з благодійним фондом та громадською організацією проведено 9 тренінгових занять з жінками громади "Жіноче коло", залучено 55 осіб.
B90: 12 | C90: Організація заходів із залученням жінок на всіх етапах розбудови громади (Запобігання та боротьба з насильством щодо жінок, рівна участь жінок та чоловіків у прийнятті політичних та громадських рішень, боротьба з гендерними стереотипами та гендерною дискримінацією) | D90: Протягом року | E90: Відділ освіти, медицини, молоді, культури, спорту та туризму Святогірської міської ради | F90: =H90+J90+L90+N90+P90 -> 2 | H90: 0 | J90: 0 | L90: 2 | N90: 0 | P90: 0 | R90: Кількість заходів | S90: 3 | T90: Тренінг з оцінки потреб та перенаправлення осіб, постраждалих від торгівлі людьми м. Дніпро. Засідання регіональної координаційної ради з питань сімейної політики, гендерної рівності, запобігання та протидії домашньому насильству і протидії торгівлі людьми Тренінг для жінок активісток з гендерно чутливого відновлення з питань ґендерної рівності та розширення прав та можливостей жінок (ООН Жінки) в Україні. Засідання регіональної координаційної ради з питань сімейної політики, гендерної рівності, запобігання та протидії домашньому насильству і протидії торгівлі людьми .Онлайн заняття «Реагування в кризових умовах: гендерно орієнтований підхід» Всього 5 заходів.
A91: Інші питання : Протидія торгівлі людьми | B91: 13 | C91: Підвищення рівня обізнаності населення щодо проблем торгівлі людьми | D91: Протягом року | E91: Відділ освіти, медицини, молоді, культури, спорту та туризму Святогірської міської ради | F91: =H91+J91+L91+N91+P91 -> 1 | H91: 0 | J91: 0 | L91: 1 | N91: 0 | P91: 0 | R91: Кількість заходів | S91: 3 | T91: Розміщені інформаційні матеріали на території громади в місцях видачі гуманітарної допомоги, бібліотеках в громадських місцях
A92: Інші питання: Підвищення рівня компетентності молоді, у тому числі громадянських | B92: 14 | C92: Організація акцій , конкурсів, семінарів - тренінгів, походів та інших заходів, розповсюдження інформаційних матеріалів , розміщення соціальної реклами з метою підвищення рівня громадянських компетентностей, у т.ч. через лідерство /участь у обласних заходах | D92: Протягом року | E92: Відділ освіти, медицини, молоді, культури, спорту та туризму Святогірської міської ради | F92: =H92+J92+L92+N92+P92 -> 3 | H92: 0 | J92: 0 | L92: 3 | N92: 0 | P92: 0 | R92: Кількість заходів | S92: 8 | T92: Проведено 11 заходів (тренінги, семінари та робоча зустріч з питань утвердження української національної та громадянської ідентичності) участь прийняло 55 осіб
A93: Інші завдання: Активізація залучення молоді до процесів прийняиття рішень | B93: 15 | C93: Організація акцій , конкурсів, семінарів - тренінгів, походів та інших заходів, розповсюдження інформаційних матеріалів , розміщення соціальної реклами з метою підвищення рівня проінформованості молоді щодо інструментів участі /участь у обласних заходах | D93: Протягом року | E93: Відділ освіти, медицини, молоді, культури, спорту та туризму Святогірської міської ради | F93: =H93+J93+L93+N93+P93 -> 2 | H93: 0 | J93: 0 | L93: 2 | N93: 0 | P93: 0 | R93: Кількість заходів | S93: 8 | T93: Фотоконкурс «Моя родина», акція «Голоси дітей», фото виставка «Конституція і книга-символ свободи». Всього 6 заходи
A94: .Інші питання: Зміцнення соціальної згрунтованості молоді (мобільність молоді) | B94: 16 | C94: Сприяти участі молоді громади у Всеукраїнських та міжнародних заходах у сфері реалізації молодіжної політики | D94: Протягом року | E94: Відділ освіти, медицини, молоді, культури, спорту та туризму Святогірської міської ради | F94: 0 | H94: 0 | J94: 0 | L94: 0 | N94: 0 | P94: 0 | R94: Кількість осіб | S94: 10 | T94: Молодь громади приймала участь у конкурсі "Молода людина року", 2 особи стали номінантами.
A95: Інші питання: Реалізація програм для підготовки фахівців , які працюють з молодю, у тому числі за програмою "Молодіжний працівник" | B95: 17 | C95: Сприяти участі у семінарах, тренінгах, форумах та інших заходах в рамках програми "Молодіжний працівник" із залученням представників молодіжних громадських організацій | D95: Протягом року | E95: Відділ освіти, медицини, молоді, культури, спорту та туризму Святогірської міської ради | F95: 0 | H95: 0 | J95: 0 | L95: 0 | N95: 0 | P95: 0 | R95: Кількість осіб | S95: 10 | T95: проведено тренінгові заняття «Молодіжний працівник» прийняли участь - 2 особи, на «Рівний рівному» 30 осіб.
A96: Інші питання: Забезпечення функціонування молодіжних центрів | B96: 18 | C96: Сприяти роботі молодіжній раді,з метою підвищення рівня освіти молоді,розвитку лідерських якостей | D96: Протягом року | E96: Відділ освіти, медицини, молоді, культури, спорту та туризму Святогірської міської ради | F96: 0 | H96: 0 | J96: 0 | L96: 0 | N96: 0 | P96: 0 | R96: Кількість заходів | S96: 4 | T96: Молодь громади приймала участь у конкурсі "Молода людина року", 2 особи стали номінантами, також 18 осіб прийняли участь у обговоренні «Стратегії розвитку громади» та залучалися до обговорення перейменувань вулиць, провулків.
B97: 19 | C97: Оргазація участі у тренінгах, семінарах, форумах, конференціях та інших заходів з метою підвищення знань, навичок та компетентності представників молодіжного центрів | D97: Протягом року | E97: Відділ освіти, медицини, молоді, культури, спорту та туризму Святогірської міської ради | F97: =H97+J97+L97+N97+P97 -> 5 | H97: 0 | J97: 0 | L97: 5 | N97: 0 | P97: 0 | R97: Кількість заходів | S97: 10
A98: Інші питання: Сприяння створенню умов для розвитку спроможності інститутів громадянського суспільства у сфері реалізації молодіжної політики | B98: 20 | C98: Організація роботи з розповсюдження інформаційних та методичних матеріалів, розміщення соціальних роліків та реклами з метою інформаційного забезпечення державної політики у молодіжній сфері та комунікація молоді у межах регіону | D98: Протягом року | E98: Відділ освіти, медицини, молоді, культури, спорту та туризму Святогірської міської ради | F98: =H98+J98+L98+N98+P98 -> 0 | H98: 0 | J98: 0 | L98: 0 | N98: 0 | P98: 0 | R98: Кількість роліків, реклами тощо | S98: 3 | T98: Інформаційні та методичні матеріали висвітлювалися на сайтах закладів освіти, на соціальних сторінках закладів та відділу освіти. Всього розміщено 14 інформаційних публікацій
A99: Інші питання: Здійснення експертно- аналітичних, організаційних, впроваджувальних і підсумкових оціночних заходів у сфері реалізації молодіжної політики | B99: 21 | C99: Організація роботи з аналізу інформаційно- аналітичних та наукових документів, зхдійснення щорічних опитувань молоді громади | D99: Протягом року | E99: Відділ освіти, медицини, молоді, культури, спорту та туризму Святогірської міської ради | F99: 0 | H99: 0 | J99: 0 | L99: 0 | N99: 0 | P99: 0 | R99: Кількість опитувань | S99: 1
A100: Інші питання: Формування української громадянської ідентичності | B100: 22 | C100: Організація заходів з формування української громадянської ідентичності: висвітлення місцевими засобами масової інформації радіопередач , публікацій та соціальної реклами, проведення акцій, семінарів, "круглих столів", тематичних зустрічів із залученням участників АТО та ООС, учасників Революції Гідності | D100: Протягом року | E100: Відділ освіти, медицини, молоді, культури, спорту та туризму Святогірської міської ради | F100: =H100+J100+L100+N100+P100 -> 2 | H100: 0 | J100: 0 | L100: 2 | N100: 0 | P100: 0 | R100: Кількість заходів | S100: 3 | T100: Проведено 80 заходи участь прийняли 3600 осіб (День пам’яті та примирення, День Українського добровольця, День захисту дітей. Акція «Голоси дітей» до Дня вшанування пам’яті дітей, які загинули внаслідок збройної агресії російської федерації проти України, День батька тощо).
A101: Інші завдання: Співпраця з інститутами громадянського суспільства у сфері національно- патріотичного виховання | B101: 23 | C101: Організація участі у акціях, вишколах, наметових таборах, зборів- походах, участь у тематичних змінах у закладах оздоровлення та відпочинку області та інших заходів, спрямованих на популярізацію та розвиток пластового, скаутського руху в області | D101: Протягом року | E101: Відділ освіти, медицини, молоді, культури, спорту та туризму Святогірської міської ради | F101: =H101+J101+L101+N101+P101 -> 20 | H101: 0 | J101: 0 | L101: 20 | N101: 0 | P101: 0 | R101: Кількість заходів | S101: 3
...

Sheet Фінансове забезпечення
A2: 3. ДЖЕРЕЛА ТА ОБСЯГИ ФІНАНСУВАННЯ ПРОГРАМИ У 2024 РОЦІ
A3: 3.1 Фінансове забезпечення заходів Програми
M4: тис. грн.
A6: Напрями реалізації заходів | B6: Кількість заходів | C6: Витрати на реалізацію
C7: Всього | E7: у тому числі за рахунок коштів:
E8: Державного бюджету | G8: місцевих бюджетів | K8: підприємств | M8: інших джерел
G9: обласного бюджету | I9: бюджету територіальної громади
C10: ПЛАН | D10: ФАКТ | E10: ПЛАН | F10: ФАКТ | G10: ПЛАН | H10: ФАКТ | I10: ПЛАН | J10: ФАКТ | K10: ПЛАН | L10: ФАКТ | M10: ПЛАН | N10: ФАКТ
A11: 1 | B11: 2 | C11: 3 | D11: 4 | E11: 5 | F11: 6 | G11: 7 | H11: 8 | I11: 9 | J11: 10 | K11: 11 | L11: 12 | M11: 13 | N11: 14
A12: 1. Агропромисловий комплекс | B12: 3 | C12: =заходи!F14 -> 0 | D12: =заходи!G14 -> 0 | E12: =SUM(заходи!H14) -> 0 | F12: =заходи!I14 -> 0 | G12: =заходи!J14 -> 0 | H12: =заходи!K14 -> 0 | I12: =заходи!L14 -> 0 | J12: =заходи!M14 -> 0 | K12: =заходи!N14 -> 0 | L12: =заходи!O14 -> 0 | M12: =заходи!P14 -> 0 | N12: =заходи!Q14 -> 0
A13: 2. Розвиток земельних відносин | B13: 1 | C13: =заходи!F17 -> 164 | D13: =заходи!G17 -> 160 | E13: =заходи!H17 -> 0 | F13: =заходи!I17 -> 0 | G13: =заходи!J17 -> 0 | H13: =заходи!K17 -> 0 | I13: =заходи!L17 -> 164 | J13: =заходи!M17 -> 160 | ... N13: =заходи!Q17 -> 0
A14: 3. Інвестиційна діяльність та розвиток інфраструктури, благоустрій | B14: 8 | C14: =заходи!F28 -> 2377.686 | D14: =заходи!G28 -> 2357.918 | E14: =заходи!H28 -> 0 | F14: =заходи!I28 -> 0 | G14: =заходи!J28 -> 2101.186 | H14: =заходи!K28 -> 2084.323 | I14: =заходи!L28 -> 276.5 | J14: =заходи!M28 -> 273.595 | ... N14: =заходи!Q28 -> 0
A15: 4. Розвиток інформаційного простору. Забезпечення доступу до неупереджених джерел інформації | B15: 6 | C15: =заходи!F36 -> 18 | D15: =заходи!G36 -> 18 | E15: =заходи!H36 -> 0 | F15: =заходи!I36 -> 0 | G15: =заходи!J36 -> 0 | H15: =заходи!K36 -> 0 | I15: =заходи!L36 -> 18 | J15: =заходи!M36 -> 18 | ... N15: =заходи!Q36 -> 0
A16: 5. Ринок праці. Зайнятість населення | B16: 13 | C16: =заходи!F37 -> 0 | D16: =заходи!G51 -> 0 | E16: =заходи!H37 -> 0 | F16: =заходи!I51 -> 0 | G16: =заходи!J37 -> 0 | H16: =заходи!K51 -> 0 | I16: =заходи!L37 -> 0 | J16: =заходи!M51 -> 0 | K16: =заходи!N37 -> 0 | L16: =заходи!O51 -> 0 | M16: =заходи!P37 -> 0 | N16: =заходи!Q51 -> 0
A17: 6. Освіта | B17: 22 | C17: =заходи!F77 -> 10757.851 | D17: =заходи!G77 -> 1209.564 | E17: =заходи!H77 -> 277.838 | F17: =заходи!I77 -> 277.837 | G17: =заходи!J77 -> 540 | H17: =заходи!K77 -> 0 | I17: =заходи!L77 -> 9940.013 | J17: =заходи!M77 -> 931.727 | ... N17: =заходи!Q77 -> 0
A18: 7. Підтримка сім'ї, дітей та молоді | B18: 26 | C18: =заходи!F105 -> 86 | D18: =заходи!G105 -> 0 | E18: =заходи!H105 -> 0 | F18: =заходи!I105 -> 0 | G18: =заходи!J105 -> 0 | H18: =заходи!K105 -> 0 | I18: =заходи!L105 -> 81 | J18: =заходи!M105 -> 0 | ... N18: =заходи!Q105 -> 0
A19: 8. Охорона здоров'я | B19: 39 | C19: =заходи!F151 -> 2798.595 | D19: =заходи!G151 -> 901.666 | E19: =заходи!H151 -> 141 | F19: =заходи!I151 -> 0 | G19: =заходи!J151 -> 0 | H19: =заходи!K151 -> 0 | I19: =заходи!L151 -> 2657.595 | J19: =заходи!M151 -> 901.666 | ... N19: =заходи!Q151 -> 0
A20: 9. Фізичне виховання та спорт | B20: 2 | C20: =заходи!F155 -> 10 | D20: =заходи!G155 -> 0 | E20: =заходи!H155 -> 0 | F20: =заходи!I155 -> 0 | G20: =заходи!J155 -> 0 | H20: =заходи!K155 -> 0 | I20: =заходи!L155 -> 10 | J20: =заходи!M155 -> 0 | ... N20: =заходи!Q155 -> 0
A21: 10. Культура і туризм | B21: 8 | C21: =заходи!F165 -> 880 | D21: =заходи!G165 -> 20.85 | E21: =заходи!H165 -> 0 | F21: =заходи!I165 -> 0 | G21: =заходи!J165 -> 0 | H21: =заходи!K165 -> 0 | I21: =заходи!L165 -> 880 | J21: =заходи!M165 -> 20.85 | ... N21: =заходи!Q165 -> 0
A22: 11. Захист населення і території від надзвичайних ситуацій | B22: 18 | C22: =заходи!F186 -> 23496.463 | D22: =заходи!G186 -> 21378.993 | E22: =заходи!H186 -> 18077.147 | F22: =заходи!I186 -> 17972.68 | G22: =заходи!J186 -> 0 | H22: =заходи!K186 -> 0 | I22: =заходи!L186 -> 5419.316 | J22: =заходи!M186 -> 3406.323 | ... N22: =заходи!Q186 -> 0
A23: 12. Соціальний захист населення | B23: 14 | C23: =заходи!F209 -> 3792.32 | D23: =заходи!G209 -> 2834.658 | E23: =заходи!H209 -> 0 | F23: =заходи!I209 -> 15.08 | G23: =заходи!J209 -> 0 | H23: =заходи!K209 -> 169.08 | I23: =заходи!L209 -> 3759.32 | J23: =заходи!M209 -> 2650.498 | ... N23: =заходи!Q209 -> 0
A24: 13. Захист прав дітей-сиріт та дітей, позбавлених батьківського піклування | B24: 3 | C24: =заходи!F214 -> 20 | D24: =заходи!G214 -> 0 | E24: =заходи!H214 -> 0 | F24: =заходи!I214 -> 0 | G24: =заходи!J214 -> 0 | H24: =заходи!K214 -> 0 | I24: =заходи!L214 -> 20 | J24: =заходи!M214 -> 0 | ... N24: =заходи!Q214 -> 0
A25: 14. Житлове господарство та комунальна інфраструктура | B25: 13 | C25: =заходи!F229 -> 11955.568 | D25: =заходи!G229 -> 11587.244 | E25: =заходи!H229 -> 0 | F25: =заходи!I229 -> 0 | G25: =заходи!J229 -> 0 | H25: =заходи!K229 -> 0 | I25: =заходи!L229 -> 11955.568 | J25: =заходи!M229 -> 11587.244 | ... N25: =заходи!Q229 -> 0
A26: 15. Заходи, пов'язані з наслідками військової агресії Російської Федерації на території області. Підтримка внутрішньо переміщених осіб | B26: 10 | C26: =заходи!F241 -> 299.9 | D26: =заходи!G241 -> 149.77 | E26: =заходи!H241 -> 0 | F26: =заходи!I241 -> 0 | G26: =заходи!J241 -> 50 | H26: =заходи!K241 -> 50 | I26: =заходи!L241 -> 249.9 | J26: =заходи!M241 -> 99.77 | ... N26: =заходи!Q241 -> 0
A27: 16. Впровадження заходів територіального планування | B27: 4 | C27: =заходи!F247 -> 0 | D27: =заходи!G247 -> 0 | E27: =заходи!H247 -> 0 | F27: =заходи!I247 -> 0 | G27: =заходи!J247 -> 0 | H27: =заходи!K247 -> 0 | I27: =заходи!L247 -> 0 | J27: =заходи!M247 -> 0 | ... N27: =заходи!Q247 -> 0
A28: 17. Охорона навколишнього середовища | B28: 2 | C28: =заходи!F252 -> 5199.41 | D28: =заходи!G252 -> 2377.166 | E28: =заходи!H252 -> 0 | F28: =заходи!I252 -> 0 | G28: =заходи!J252 -> 4926.41 | H28: =заходи!K252 -> 2377.166 | I28: =заходи!L252 -> 273 | J28: =заходи!M252 -> 0 | ... N28: =заходи!Q252 -> 0
A29: РАЗОМ | B29: =SUM(B12:B28) -> 192 | C29: =SUM(C12:C28) -> 61855.793 | D29: =SUM(D12:D28) -> 42995.829 | E29: =SUM(E12:E28) -> 18495.985 | F29: =SUM(F12:F28) -> 18265.597 | G29: =SUM(G12:G28) -> 7617.596 | H29: =SUM(H12:H28) -> 4680.569 | I29: =SUM(I12:I28) -> 35704.212 | ... N29: =SUM(N12:N28) -> 0
